 Dungeon Crawl Stone Soup version 0.27-a0-1302-g7736ffe575 (webtiles) character file.

Game seed: 13036810192366087247

102547 27snakeeyes612 the Tortoise (level 15, -3/214 HPs)
             Began as a Minotaur Berserker on June 18, 2021.
             Was a High Priest of Trog.
             Slain by a tengu warrior (12 damage)
             ... led by a tengu warrior
             ... on level 3 of the Depths.
             The game lasted 00:23:33 (25019 turns).

27snakeeyes612 the Tortoise (Minotaur Berserker)   Turns: 25019, Time: 00:23:33

Health: -3/214     AC: 27    Str: 32    XL:     15   Next: 86%
Magic:  14/14      EV: 13    Int:  4    God:    Trog [*****.]
Gold:   284        SH: 21    Dex: 10    Spells: 14/14 levels left

rFire    . . .     SeeInvis .   v - +1 demon whip (elec)
rCold    . . .     Faith    .   R - +2 kite shield {AC+3}
rNeg     + . .     Spirit   .   b - +0 plate armour {rPois}
rPois    +         Reflect  +   (helmet restricted)
rElec    .         Harm     .   u - +2 cloak
rCorr    .         Rampage  .   (no gloves)
Will     +++..                  M - +0 pair of boots
Stlth    ..........             O - amulet "Duughes" {Reflect rN+ Str+4 SH+5}
HPRegen  1.45/turn              W - +4 ring of slaying
MPRegen  0.14/turn              N - +4 ring of slaying

@: berserking, strong-willed, regenerating, studying Shields, very quick
A: horns 2, retaliatory headbutt
a: Renounce Religion, Berserk, Trog's Hand, Brothers in Arms


You were on level 3 of the Depths.
You worshipped Trog.
Trog was extremely pleased with you.
You visited 2 branches of the dungeon, and saw 18 of its levels.
You also visited: Ossuary and Bailey.

You collected 1572 gold pieces.
You spent 1288 gold pieces at shops.

Inventory:

Hand Weapons
 s - a +1 morningstar of flaming
 v - a +1 demon whip of electrocution (weapon)
Missiles
 f - a throwing net
 g - 7 curare-tipped darts
Armour
 b - a +0 plate armour of poison resistance (worn)
 u - a +2 cloak (worn)
 M - a +0 pair of boots (worn)
 R - a +2 kite shield of protection (worn)
Jewellery
 i - a ring of poison resistance
 n - an amulet of guardian spirit
 B - a ring of see invisible
 K - a +6 ring of dexterity
 L - the ring "Sueruer" {rF- rN+ rCorr Slay+5 SInv}
   (You acquired it on level 12 of the Dungeon)

   [ring of positive energy]

   It affects your accuracy and damage with ranged weapons and melee attacks
   (+5).
   It makes you vulnerable to fire.
   It protects you from negative energy.
   It lets you see invisible.
   It protects you from acid and corrosion.
 N - a +4 ring of slaying (right hand)
 O - the amulet "Duughes" (around neck) {Reflect rN+ Str+4 SH+5}
   (You acquired it on level 12 of the Dungeon)

   [amulet of reflection]

   It reflects blocked missile attacks.
   It affects your strength (+4).
   It protects you from negative energy.
   It affects your SH (+5).
 V - a ring of willpower
 W - a +4 ring of slaying (left hand)
Wands
 r - a wand of polymorph (25)
 y - a wand of acid (11) (quivered)
 C - a wand of flame (57)
 D - a wand of iceblast (29)
 I - a wand of digging (4)
 J - a wand of mindburst (28)
 U - a wand of paralysis (1)
Scrolls
 a - a scroll of enchant armour
 d - a scroll of vulnerability
 h - 5 scrolls of magic mapping
 j - a scroll of silence
 o - a scroll of teleportation
 w - 2 scrolls of blinking
 P - a scroll of noise
 S - 4 scrolls of identify
 T - 2 scrolls of fear
Potions
 c - 5 potions of flight
 e - 5 potions of haste
 k - 3 potions of curing
 l - 2 potions of heal wounds
 m - 2 potions of invisibility
 p - a potion of mutation {unknown}
 t - 2 potions of lignification
 x - 6 potions of attraction
 z - 3 potions of cancellation
 A - a potion of resistance
 E - a potion of experience
 F - 3 potions of brilliance
 G - 2 potions of magic {unknown}
 H - 4 potions of might {unknown}


   Skills:
 + Level 15.9 Fighting
 - Level 4.5(11.2) Axes
 + Level 15.4(15.6) Maces & Flails
 + Level 18.5 Armour
 + Level 14.6 Dodging
 + Level 14.5 Shields


You had 14 spell levels left.
You didn't know any spells.
Your spell library was empty.

Dungeon Overview and Level Annotations

Branches:
Dungeon (15/15)            Temple (0/1) D:7            Lair (0/6) D:10
    Orc (0/2) D:12         Vaults (0/5) D:14         Depths (3/5) D:15
Ossuary (visited)          Bailey (visited)

Altars:
Elyvilon
Hepliaklqana
Kikubaaqudgha
Nemelex Xobeh
Okawaru
Ru
Sif Muna
Uskayaw
Vehumet
The Shining One

Shops:
D:1 [   D:2 (   D:3 [   D:5 ?   D:6 *   D:12 [   D:13 (   Depths:2 *

Portals:
Hell: Depths:1
Pandemonium: Depths:1

Annotations:
D:5 2 runed translucent doors, Delamore's ghost, amateur FoFi
D:15 3 runed translucent doors, Bankemomn's ghost, journeyman NaIE; Hiko's ghost, journeyman NaIE; Ibulioru's ghost, journeyman DsCj; Koeca's ghost, adept FoFi
Depths:1 exclusion: statue


Innate Abilities, Weirdness & Mutations

You have a pair of horns on your head.
You reflexively headbutt those who attack you in melee.


Message History

There is a stone staircase leading up here.
A red film seems to cover your vision as you go berserk!
You feel yourself moving faster!
You feel mighty!
You block the tengu warrior's attack. x2; The tengu warrior claws you.
* * * LOW HITPOINT WARNING * * *
The tengu reaver hits you but does no damage.
The tengu reaver pecks you but does no damage.
The tengu reaver claws you but does no damage.
You block the tengu warrior's attack.
The tengu warrior completely misses you.
The tengu warrior claws you but does no damage.
You barely miss the tengu reaver. You block the tengu warrior's attack.
The tengu warrior pecks you but does no damage.
You block the tengu warrior's attack.
The tengu reaver hits you with a +0 dire flail!
* * * LOW HITPOINT WARNING * * *
You block the tengu reaver's attack.
The tengu reaver claws you but does no damage.
You thrash the tengu reaver!! Your headbutt misses the tengu reaver.
The tengu reaver is moderately wounded.
The tengu warrior completely misses you.
The tengu warrior pecks you but does no damage.
The tengu warrior claws you.
* * * LOW HITPOINT WARNING * * *
You thrash the tengu reaver!!
Lightning courses through the tengu reaver!
The tengu reaver is heavily wounded.
The tengu warrior hits you with a +0 great sword!
* * * LOW HITPOINT WARNING * * *
The tengu warrior barely misses you. You block the tengu warrior's attack.
You thrash the tengu reaver!!
The tengu reaver is almost dead.
The tengu reaver hits you with a +0 dire flail!
* * * LOW HITPOINT WARNING * * *
The tengu reaver completely misses you.
The tengu reaver claws you but does no damage.
You miss the tengu reaver.
The tengu reaver is almost dead.
The tengu warrior hits you with a +3 war axe!
You die...

#
#.####.#
#..@Q..#
+..QQ.#.#
###.###
#+


You could see a tengu reaver and 2 tengu warriors.

Vanquished Creatures
  A juggernaut (Depths:2)
  A caustic shrike (Depths:2)
  Rupert (D:15)
  A lich (Depths:1)
  A tengu reaver (D:14)
  2 fire giants (Depths:2)
  A frost giant (D:15)
  An iron dragon (Depths:1)
  An orc warlord (Bailey)
  6 stone giants
  5 very ugly things
  Nessos (D:12)
  Azrael (D:14)
  6 ettins
  2 fire dragons
  A hydra (D:15)
  A rakshasa (Depths:1)
  2 great orbs of eyes
  2 ice dragons
  A spriggan air mage (Depths:2)
  3 boulder beetles
  A death knight (D:11)
  8 centaur warriors
  2 dancing weapons (D:14)
  A two-headed ogre (D:10)
  2 deep troll earth magi (Depths:1)
  9 tengu warriors
  A spriggan berserker (Depths:2)
  An iron troll (Depths:1)
  6 skeletal warriors
  A glowing orange brain (Depths:1)
  A flayed ghost (D:14)
  A wizard (D:15)
  3 orc knights
  6 deep trolls
  4 harpies (D:15)
  Pikel (D:9)
  A necromancer (D:15)
  17 ugly things
  3 orc sorcerers (D:15)
  A wolf spider (D:14)
  A manticore (D:13)
  5 deep elf pyromancers
  6 cyclopes
  Maurice (D:9)
  Joseph (D:9)
  2 gargoyles
  A freezing wraith (D:11)
  Maggie (D:8)
  An unseen horror (D:11)
  A komodo dragon (D:12)
  Psyche (D:9)
  3 efreet
  An unseen horror (shapeshifter) (D:13)
  2 tengu conjurers
  A yaktaur (D:15)
  5 trolls
  A slime creature (D:14)
  A centaur simulacrum (D:14)
  A vampire (D:12)
  2 shadows
  6 wraiths
  9 yaks
  4 steam dragons
  6 vampire mosquitoes
  3 fire elementals (D:14)
  Grum (D:9)
  A basilisk (D:14)
  A warg (D:15)
  A naga (shapeshifter) (D:15)
  2 acid dragons
  Duvessa (D:5)
  5 hell hounds (D:14)
  2 water moccasins
  22 orc warriors
  A hornet zombie (D:8)
  2 ice beasts
  2 sky beasts
  2 black bears
  3 ogres
  2 necrophages
  9 centaurs
  4 wolves (D:9)
  A phantom (D:5)
  A bullfrog (D:9)
  A kobold brigand (D:4)
  A gnoll sergeant (D:7)
  Dowan (D:5)
  7 killer bees
  8 wights
  10 howler monkeys
  5 centaur zombies
  A bullfrog zombie (D:7)
  A jelly (D:6)
  A centaur skeleton (D:4)
  6 orc priests
  6 hounds
  Jessica (D:3)
  An iguana (D:6)
  A scorpion zombie (D:5)
  15 orc wizards
  A killer bee zombie (D:6)
  A hound zombie (D:5)
  8 mummies (Ossuary)
  Robin (D:4)
  10 adders
  26 gnolls
  3 white imps
  An adder skeleton (D:5)
  A worm (D:3)
  2 dart slugs
  58 orcs
  9 endoplasms
  3 giant cockroaches
  34 goblins
  27 hobgoblins
  6 jackals
  7 kobolds
  5 quokkas
  8 ball pythons
  6 frilled lizards
  A gnoll zombie (Ossuary)
  A hobgoblin zombie (Ossuary)
  5 kobold zombies (Ossuary)
  An orc zombie (Ossuary)
  2 quokka zombies (D:7)
  7 rats
  A bush (D:15)
541 creatures vanquished.

Vanquished Creatures (others)
  A deep troll earth mage (Depths:1)
  An orc wizard (D:9)
  A quokka (D:4)
  2 withered plants (D:15)
5 creatures vanquished.

Grand Total: 546 creatures vanquished

Notes
Turn   | Place    | Note
-------+----------+-------------------------------------------
     0 | D:1      | 27snakeeyes612 the Minotaur Berserker began the quest for
                  | the Orb.
     0 | D:1      | Reached XP level 1. HP: 19/19 MP: 0/0
   204 | D:1      | Reached XP level 2. HP: 26/27 MP: 1/1
   247 | D:1      | Found Vuppoto's Armour Boutique.
   861 | D:2      | Reached XP level 3. HP: 31/33 MP: 2/2
   870 | D:2      | Reached skill level 3 in Armour
   870 | D:2      | Reached ** piety under Trog
   877 | D:2      | Reached XP level 4. HP: 26/41 MP: 3/3
  1568 | D:2      | Found Peigius's Weapon Shoppe.
  1868 | D:2      | Found a faded altar of an unknown god.
  2197 | D:1      | Bought a +0 scale mail for 48 gold pieces
  2296 | D:3      | Found Xinwe's Antique Armour Boutique.
  2507 | D:3      | Found a sparkling altar of Nemelex Xobeh.
  2579 | D:3      | Reached XP level 5. HP: 40/47 MP: 1/4
  2588 | D:3      | Reached skill level 1 in Maces & Flails
  2801 | D:3      | Reached skill level 5 in Fighting
  2801 | D:3      | Reached skill level 4 in Armour
  3068 | D:3      | Noticed Jessica
  3075 | D:3      | Killed Jessica
  3231 | D:3      | You fall into a shaft and drop 3 floors!
  3351 | D:6      | HP: 1/48 [orc priest/divine providence (14)]
  3371 | D:6      | Reached *** piety under Trog
  3376 | D:6      | Reached XP level 6. HP: 7/56 MP: 1/5
  3758 | D:6      | Noticed an ice beast
  3772 | D:6      | Killed an ice beast
  4052 | D:5      | Entered Level 5 of the Dungeon
  4052 | D:5      | Noticed Dowan
  4054 | D:5      | Noticed Duvessa
  4064 | D:5      | Killed Duvessa
  4065 | D:5      | Reached skill level 5 in Armour
  4065 | D:5      | Reached XP level 7. HP: 61/62 MP: 4/6
  4067 | D:5      | Killed Dowan
  4443 | D:4      | Noticed Robin
  4453 | D:4      | Killed Robin
  4554 | D:4      | Reached skill level 5 in Dodging
  4783 | D:4      | Found a hide-covered altar of Uskayaw.
  4912 | D:4      | Found a white marble altar of Elyvilon.
  4940 | D:4      | Found a shimmering blue altar of Sif Muna.
  5082 | D:4      | Reached XP level 8. HP: 69/71 MP: 5/7
  5131 | D:4      | Reached skill level 6 in Armour
  5398 | D:5      | Reached skill level 5 in Maces & Flails
  5535 | D:5      | Found a runed translucent door.
  5536 | D:5      | Noticed Delamore's ghost (amateur FoFi)
  5552 | D:5      | Found a runed translucent door.
  5593 | D:5      | Found an iron altar of Okawaru.
  5603 | D:5      | Reached **** piety under Trog
  5920 | D:5      | Found Exuvarae's Magic Scroll Boutique.
  6412 | D:6      | Found Zeewiom's Mass Market.
  6702 | D:6      | Reached skill level 7 in Armour
  7007 | D:6      | Reached XP level 9. HP: 49/81 MP: 5/8
  7379 | D:7      | Reached skill level 8 in Armour
  7806 | D:7      | Found a staircase to the Ecumenical Temple.
  7896 | D:7      | Found a sand-covered staircase.
  7903 | Ossuary  | Entered an ossuary
  7919 | Ossuary  | Reached ***** piety under Trog
  8301 | Ossuary  | Identified a scroll of acquirement
  8301 | Ossuary  | Acquired a +0 buckler of protection
  8459 | D:2      | Bought a +0 demon whip of electrocution for 395 gold pieces
  8588 | D:7      | Found an ancient bone altar of Kikubaaqudgha.
  9016 | D:8      | Noticed Maggie
  9028 | D:8      | Killed Maggie
  9204 | D:8      | Found a flagged portal.
  9222 | Bailey   | Entered a bailey
  9473 | Bailey   | Reached XP level 10. HP: 80/91 MP: 9/9
  9484 | Bailey   | Reached skill level 9 in Armour
  9499 | Bailey   | Noticed an orc knight
  9514 | Bailey   | Killed an orc knight
  9797 | Bailey   | Reached skill level 10 in Fighting
  9799 | Bailey   | Received a gift from Trog
  9960 | Bailey   | Noticed an orc warlord
 10162 | Bailey   | Acquired a manual of Armour
 10169 | Bailey   | Killed an orc warlord
 10486 | D:8      | Reached skill level 10 in Armour
 10948 | D:9      | Noticed Maurice
 11216 | D:9      | Noticed Psyche
 11221 | D:9      | Killed Psyche
 11356 | D:9      | Killed Maurice
 11357 | D:9      | Reached XP level 11. HP: 101/101 MP: 8/10
 11477 | D:9      | Noticed Grum
 11480 | D:9      | Reached skill level 11 in Armour
 11491 | D:9      | Killed Grum
 11715 | D:9      | Noticed a cyan ugly thing
 11745 | D:9      | Killed a cyan ugly thing
 11746 | D:9      | Reached skill level 10 in Maces & Flails
 12048 | D:9      | Noticed Pikel
 12055 | D:9      | Killed Pikel
 12056 | D:9      | Reached skill level 10 in Dodging
 12066 | D:9      | Found a glowing golden altar of the Shining One.
 12263 | D:9      | Noticed Joseph
 12271 | D:9      | Killed Joseph
 12716 | D:10     | Entered Level 10 of the Dungeon
 13099 | D:10     | Noticed a two-headed ogre
 13103 | D:10     | Killed a two-headed ogre
 13104 | D:10     | Reached skill level 12 in Armour
 13308 | D:10     | Found a hazy altar of Hepliaklqana.
 13312 | D:10     | Found a radiant altar of Vehumet.
 13381 | D:10     | Found a staircase to the Lair.
 13731 | D:11     | Noticed a death knight
 13927 | D:11     | Killed a death knight
 14235 | D:11     | Reached skill level 13 in Armour
 14486 | D:11     | Received a gift from Trog
 14487 | D:11     | Reached skill level 1 in Shields
 14509 | D:11     | Noticed a deep elf pyromancer
 14519 | D:11     | Killed a deep elf pyromancer
 14520 | D:11     | Reached XP level 12. HP: 112/112 MP: 9/11
 15167 | D:12     | Noticed Nessos
 15179 | D:12     | Killed Nessos
 15642 | D:12     | Noticed a boulder beetle
 15676 | D:12     | Killed a boulder beetle
 15677 | D:12     | Reached skill level 14 in Armour
 15823 | D:12     | Acquired the amulet "Duughes" {Reflect rN+ Str+4 SH+5}
 15837 | D:12     | Acquired the ring "Sueruer" {rF- rN+ rCorr Slay+5 SInv}
 15995 | D:12     | Found a staircase to the Orcish Mines.
 15996 | D:12     | Found Kasyive's Armour Boutique.
 16425 | D:13     | Noticed a centaur warrior
 16431 | D:13     | Killed a centaur warrior
 16697 | D:13     | Reached skill level 5 in Shields
 16700 | D:13     | Received a gift from Trog
 17025 | D:13     | Noticed a tengu warrior
 17031 | D:13     | Killed a tengu warrior
 17189 | D:13     | Found Vuma Xom's Antique Weapon Emporium.
 17575 | D:14     | Reached skill level 15 in Armour
 17657 | D:14     | Reached XP level 13. HP: 112/122 MP: 12/12
 18064 | D:14     | Noticed Azrael
 18081 | D:14     | Killed Azrael
 18451 | D:14     | Acquired a manual of Shields
 18512 | D:14     | Noticed an ettin
 18599 | D:14     | Killed an ettin
 18603 | D:14     | Reached skill level 16 in Armour
 18974 | D:14     | Noticed a red very ugly thing
 18984 | D:14     | Killed a red very ugly thing
 19083 | D:14     | Noticed a tengu reaver
 19083 | D:14     | Noticed a sphinx
 19084 | D:14     | Noticed a fire dragon
 19443 | D:14     | Found a gate to the Vaults.
 19599 | D:15     | Entered Level 15 of the Dungeon
 19867 | D:15     | Reached XP level 14. HP: 101/132 MP: 13/13
 20016 | D:15     | Noticed Rupert
 20027 | D:15     | Killed Rupert
 20166 | D:15     | Reached skill level 10 in Shields
 20302 | D:15     | Reached skill level 17 in Armour
 20593 | D:15     | Found a runed translucent gate.
 20593 | D:15     | Found a runed translucent gate.
 20594 | D:15     | Found a runed translucent gate.
 20595 | D:15     | Noticed Hiko's ghost (journeyman NaIE)
 20595 | D:15     | Noticed Koeca's ghost (adept FoFi)
 20597 | D:15     | Noticed Bankemomn's ghost (journeyman NaIE)
 20598 | D:15     | Noticed Ibulioru's ghost (journeyman DsCj)
 20648 | D:15     | Identified the +1 great mace "Kalegh" {vorpal, rPois
                  | Stlth+} (Trog gifted it to you on level 15 of the Dungeon)
 20648 | D:15     | Received a gift from Trog
 20795 | D:15     | Found a staircase to the Depths.
 21210 | D:15     | Found a sacrificial altar of Ru.
 21967 | D:3      | Bought a smouldering chain mail for 218 gold pieces
 21967 | D:3      | Identified the +1 chain mail "Egaup" {+Blink rPois rCorr
                  | Str-2} (You bought it in a shop on level 3 of the Dungeon)
 21967 | D:3      | Bought a brightly glowing chain mail for 218 gold pieces
 21967 | D:3      | Identified the +0 chain mail "Wurui" {rPois Str-5 Dex+7
                  | Stlth+} (You bought it in a shop on level 3 of the Dungeon)
 22126 | D:12     | Bought a +0 pair of boots for 58 gold pieces
 22126 | D:12     | Bought a +0 plate armour of poison resistance for 351 gold
                  | pieces
 22259 | D:14     | Killed a tengu reaver
 22495 | Depths:1 | Entered Level 1 of the Depths
 22495 | Depths:1 | Noticed a green very ugly thing
 22495 | Depths:1 | Noticed a green very ugly thing
 22495 | Depths:1 | Noticed a green very ugly thing
 22495 | Depths:1 | Noticed a green very ugly thing
 22507 | D:15     | Killed a purple very ugly thing
 22511 | D:15     | Killed a green very ugly thing
 22558 | Depths:1 | Killed a green very ugly thing
 22565 | Depths:1 | Killed a green very ugly thing
 22566 | Depths:1 | Reached skill level 15 in Fighting
 22961 | Depths:1 | Found a radiant altar of Vehumet.
 23083 | Depths:1 | Reached XP level 15. HP: 74/141 MP: 14/14
 23473 | Depths:1 | Found a one-way gate leading to the halls of Pandemonium.
 23492 | Depths:1 | Noticed a frost giant
 23541 | Depths:1 | Noticed a lich
 23564 | Depths:1 | Killed a lich
 23731 | D:15     | Killed a frost giant
 23732 | D:15     | Reached skill level 18 in Armour
 24125 | Depths:1 | Noticed an iron dragon
 24134 | Depths:1 | Killed an iron dragon
 24401 | Depths:1 | Found a gateway to Hell.
 24472 | Depths:2 | Found Zoetokek's Neck Hole.
 24778 | Depths:2 | Reached skill level 15 in Maces & Flails
 24918 | Depths:2 | Noticed a fire giant
 24924 | Depths:2 | Killed a fire giant
 24926 | Depths:2 | Noticed a fire giant
 24931 | Depths:2 | Noticed a juggernaut
 24933 | Depths:2 | Noticed a caustic shrike
 24946 | Depths:2 | Killed a juggernaut
 24946 | Depths:2 | Received a gift from Trog
 24955 | Depths:2 | Killed a fire giant
 24965 | Depths:2 | Killed a caustic shrike
 24965 | Depths:2 | Noticed a juggernaut
 24980 | Depths:2 | Noticed a fire giant
 25009 | Depths:2 | Noticed a tengu reaver
 25018 | Depths:3 | HP: 8/214 [tengu reaver (9)]
 25019 | Depths:3 | Slain by a tengu warrior

Illustrated notes

Levels and vault maps discovered:
D:1:      tarquinn_simple_flora_water_d, layout_rooms, serial_shops, shop
D:2:      layout_loops_ring, chequers_ecumenical_altar_simple, serial_shops,
          shop, minmay_puff
D:3:      layout_loops_ring, nemelex_diamond_rough_becter, serial_shops,
          nicolae_square_shop, grunt_ministairs_8, uniq_jessica
D:4:      layout_loops_cross, elyvilon_altar_4, nicolae_sif_muna_condensation,
          nicolae_uskayaw_dance_hall, minmay_statues_item, uniq_robin
D:5:      layout_loops_cross, okawaru_ov_weapons_minmay, ebering_ghost_sewer_f,
          serial_shops, shop, uniq_duvessa
D:6:      layout_basic, minmay_shop_mass, kennysheep_doodads
D:7:      layout_cave_pools, kennysheep_little_box,
          minmay_temple_entry_drinking_statues, enter_ossuary_4
D:8:      kennysheep_six_static_rooms, layout_loops_ring, enter_bailey_2,
          uniq_maggie
D:9:      layout_cave_pods, amcnicky_altar_gilded, st_stairs_13, uniq_grum,
          uniq_maurice, uniq_psyche, uniq_joseph, uniq_pikel
D:10:     layout_irregular_city, minitemple, lair_entry_dummy, library_closet
D:11:     layout_roguey
D:12:     layout_rooms, orc_david_3, uniq_nessos
D:13:     layout_small_grid, serial_shops, shop_statue
D:14:     cheibrodos_leafed_vault, layout_rooms, erik_vaults_1,
          lemuel_another_geyser, uniq_azrael
D:15:     hangedman_depths_entry_civil_slaughter, layout_layer_cave,
          minmay_hedge_maze, gammafunk_ghost_cemetery, nicolae_ru_awakened_eye,
          uniq_rupert
Depths:1: layout_roguey, roderic_serpentine_path, pf_hell_entry_great_geh,
          pan_entry, vehumet_statue
Depths:2: minmay_the_grid_square_5x5_4x4 [minmay_the_grid_square_5x5_two_small,
          minmay_the_grid_square_5x5_trominoes, minmay_the_grid_square_5x5_plus,
          minmay_the_grid_square_5x5_bracketed,
          minmay_the_grid_square_5x5_three,
          minmay_the_grid_square_5x5_prize_waves,
          minmay_the_grid_square_5x5_prize_snowflake,
          minmay_the_grid_square_5x5_slash, minmay_the_grid_square_5x5_fat_x,
          minmay_the_grid_square_5x5_prize_open,
          minmay_the_grid_square_5x5_prize_deathbox,
          minmay_the_grid_square_5x5_six_small,
          minmay_the_grid_square_5x5_shrine2,
          minmay_the_grid_square_5x5_dogpile, minmay_the_grid_square_5x5_n,
          minmay_the_grid_square_5x5_half_checkered], layout_gridville,
          enter_ziggurat_b, abyss_entry, hell_entry, fedhas_altar_fruit_tree,
          nicolae_shop_sticking_my_neck_out
Depths:3: minmay_spiral_squares, layout_gridlike, old_standard_altar, pan_entry,
          lightli_too_deep, corexii_corridor_pit, interstate_on_off,
          uniq_saint_roka

Skill      XL: |  1  2  3  4  5  6  7  8  9 10 11 12 13 14 15 |
---------------+----------------------------------------------+-----
Fighting       | 4 5 6 8 9 10 12 13 14 15 | 15.9
Axes           | 4 |  4.5
Armour         | 3 4 5 7 8 10 13 15 16 17 18 | 18.5
Dodging        | 3 4 5 6 8 9 10 11 12 13 14 | 14.6
Maces & Flails | 2 3 4 6 8 9 11 12 13 14 15 | 15.4
Shields        | 1 5 9 12 14 | 14.5

Action                   |  1- 3 |  4- 6 |  7- 9 | 10-12 | 13-15 || total
-------------------------+-------+-------+-------+-------+-------++-------
Melee: Hand axe          |    44 |    32 |       |       |       ||    76
       Headbutt          |    12 |    25 |    72 |   121 |   161 ||   391
       Whip              |       |    97 |       |       |       ||    97
       Flail             |       |    48 |   178 |       |       ||   226
       Morningstar       |       |       |   138 |       |       ||   138
       Demon whip        |       |       |    73 |   577 |   495 ||  1145
Invok: Berserk           |     1 |     3 |     2 |     6 |     8 ||    20
       Trog's Hand       |       |       |     3 |     6 |     9 ||    18
       Brothers in Arms  |       |       |       |     2 |       ||     2
Evoke: Wand              |       |       |       |     5 |       ||     5
  Use: Potion            |       |     6 |       |     1 |     4 ||    11
       Scroll            |       |       |    16 |    11 |    10 ||    37
 Stab: Distracted        |     1 |       |       |       |     1 ||     2
Armor: Animal skin       |     4 |     5 |       |       |       ||     9
       Scale mail        |       |    56 |   185 |   287 |    68 ||   596
       Skin              |       |       |       |     5 |       ||     5
       Plate armour      |       |       |       |       |    70 ||    70
Dodge: Dodged            |    26 |    86 |   229 |   267 |   151 ||   759
Block: Buckler           |       |       |     3 |    84 |       ||    87
       Reflection        |       |       |       |     4 |    41 ||    45
       Kite shield       |       |       |       |     1 |   422 ||   423

Table legend: (Time is in decaauts)
 A = Elapsed time spent in this place.
 B = Non-inter-level travel time spent in this place.
 C = Inter-level travel time spent in this place.
 D = Time resting spent in this place.
 E = Time spent auto-exploring this place.
 F = Levels seen in this place.
 G = Mean time per level.
                   A        B        C        D        E       F      G
               +--------+--------+--------+--------+--------+-----+--------+
         Total |  24854 |  23337 |   1517 |   3590 |  16393 |  20 | 1242.7 |
       Dungeon |  21337 |  19848 |   1489 |   2907 |  14278 |  15 | 1422.5 |
        Depths |   2124 |   2097 |     27 |    356 |   1449 |   3 |  708.0 |
       Ossuary |    426 |    426 |      0 |    118 |    219 |   1 |  426.0 |
        Bailey |    965 |    965 |      0 |    208 |    447 |   1 |  965.0 |
               +--------+--------+--------+--------+--------+-----+--------+

Top non-repeatable levels by time:
    D:14: 2626 daAuts
    D:15: 2257 daAuts
     D:9: 1797 daAuts
     D:6: 1793 daAuts
Depths:1: 1600 daAuts
    D:11: 1563 daAuts
     D:2: 1535 daAuts
     D:5: 1445 daAuts
    D:10: 1194 daAuts
     D:3: 1163 daAuts
     D:8: 1112 daAuts
    D:13: 1084 daAuts
    D:12: 1012 daAuts
     D:4: 985 daAuts
  Bailey: 965 daAuts
